 Dungeon Crawl Stone Soup version 0.21-a0-349-g0c35859 (webtiles) character file.

1082 aurelian the Poker (level 7, -8/59 HPs)
             Began as a Demigod Wanderer on Oct 7, 2017.
             Mangled by an orc warrior
             ... wielding a +0 dire flail
              (12 damage)
             ... on level 6 of the Dungeon on Oct 8, 2017.
             The game lasted 00:14:31 (6373 turns).

aurelian the Poker (Demigod Wanderer)               Turns: 6373, Time: 00:14:32

Health: -8/59      AC: 10    Str: 20    XL:     7   Next: 81%
Magic:  11/11      EV:  9    Int: 15    God:
Gold:   154        SH:  0    Dex: 15    Spells: 4/6 levels left

rFire    . . .     SeeInvis .   e - +1 spear
rCold    . . .     Gourm    .   (no shield)
rNeg     . . .     Faith    .   a - +2 scale mail
rPois    .         Spirit   .   n - +0 helmet
rElec    .         Reflect  .   (no cloak)
rCorr    .         Harm     .   (no gloves)
MR       .....                  (no boots)
Stlth    ..........             (no amulet)
HPRegen  0.19/turn              (no ring)
MPRegen  0.12/turn              (no ring)

@: no status effects
A: high mp 1
a: no special abilities


You were on level 6 of the Dungeon.
You were not hungry.

You visited 1 branch of the dungeon, and saw 6 of its levels.

You collected 284 gold pieces.
You spent 130 gold pieces at shops.

Inventory:

Hand Weapons
 b - a +0 short sword
 e - a +1 spear (weapon)
 g - a +0 trident
 m - a +2 whip of venom
Missiles
 i - 4 tomahawks (quivered)
 r - 2 tomahawks of returning
 w - 6 tomahawks of dispersal
Armour
 a - a +2 scale mail (worn)
 n - a +0 helmet (worn)
Jewellery
 q - a cursed -3 ring of evasion {unknown}
Wands
 f - a wand of paralysis (15/24)
 u - a wand of clouds (4/9)
 B - a wand of flame (11/48)
Scrolls
 j - a scroll of fear
 p - a scroll of magic mapping
 v - a scroll of holy word {unknown}
 y - a scroll of remove curse {unknown}
 z - a scroll of identify
Potions
 c - a potion of lignification
 h - 3 potions of curing {unknown}
 t - a potion of magic {unknown}
 x - a potion of agility {unknown}
Books
 A - a Young Poisoner's Handbook

   Spells                             Type                      Level
   a - Sting                          Conjuration/Poison           1
   b - Poisonous Vapours              Poison/Air                   2
   c - Mephitic Cloud                 Conjuration/Poison/Air       3
   d - Olgreb's Toxic Radiance        Poison                       4
   e - Venom Bolt                     Conjuration/Poison           5
Comestibles
 d - 3 bread rations
 k - a fruit
 l - a chunk of flesh
 o - 3 royal jellies
 s - a meat ration


   Skills:
 - Level 4.0 Fighting
 - Level 1.0(1.5) Maces & Flails
 * Level 6.6(6.7) Polearms
   Level 1.7(4.6) Staves
 - Level 1.0 Throwing
 + Level 3.4 Armour
 - Level 1.0 Stealth
   Level 1.0 Shields
 + Level 2.3 Evocations


You had 4 spell levels left.
You knew the following spells:

 Your Spells              Type           Power        Failure   Level  Hunger
a - Poisonous Vapours     Pois/Air       #.....       75%         2    ###....


Dungeon Overview and Level Annotations

Branches:
Dungeon (6/15)             Temple (0/1) D:5

Shops:
D:4 }

Annotations:
D:2 Sigmund


Innate Abilities, Weirdness & Mutations

You have an increased reservoir of magic. (+10% MP)


Message History

You barely miss the orc wizard.
The orc wizard is moderately wounded.
The orc wizard hits you with a dagger.
You hit the orc wizard but do no damage.
The orc wizard is moderately wounded.
You hit the orc wizard.
The orc wizard is heavily wounded.
The orc wizard barely misses you.
You hit the orc wizard.
The orc wizard is severely wounded.
The orc wizard barely misses you.
You hit the orc wizard.
The orc wizard is almost dead.
The orc warrior hits you with a dire flail!!
* * * LOW HITPOINT WARNING * * *
The orc wizard hits you but does no damage.
You hit the orc wizard.
You kill the orc wizard!
The orc warrior hits you with a dire flail!
You die...

#. ⌠. ... #. .. #.# ....##+###.
#. .. #o.# ........... #..# #...#
..........#####.## #....#
..........#...'..###o....#
..........#..##......# ..
..........##'##.)#########....#
..............#.@#............#
..............#.)o............#
####..........####............#+#
#.............................
#.............................
#......####...................
#......#..#................... #
#......#..#....#######........ #
#......#..#....# +.....###


You could see an orc warrior.

Vanquished Creatures
  2 ice beasts (D:5)
  A sky beast (D:5)
  An ogre (D:4)
  A bullfrog (D:3)
  3 scorpions
  2 hounds
  A centaur skeleton (D:3)
  2 jellies (D:6)
  4 orc wizards
  2 worker ants
  A hound zombie (D:6)
  A hound skeleton (D:5)
  Robin (D:1)
  A howler monkey skeleton (D:5)
  6 adders
  2 shadow imps
  2 oozes
  A dart slug (D:3)
  3 leopard geckos
  9 orcs
  5 giant cockroaches
  9 hobgoblins
  8 kobolds
  5 quokkas
  A ball python (D:1)
  4 bats
  4 frilled lizards
  A giant cockroach zombie (D:6)
  12 goblins
  A quokka skeleton (D:5)
  9 rats
105 creatures vanquished.

Notes
Turn   | Place    | Note
-------+----------+-------------------------------------------
     0 | D:1      | aurelian the Demigod Wanderer began the quest for the Orb.
     0 | D:1      | aurelian set off with: a +2 scale mail, a +0 short sword, a potion of lignification, a bread ration
     0 | D:1      | Reached XP level 1. HP: 17/17 MP: 3/3
   199 | D:1      | Reached skill level 1 in Polearms
   200 | D:1      | Reached XP level 2. HP: 24/24 MP: 4/4
   663 | D:2      | Reached skill level 2 in Polearms
   766 | D:2      | Reached XP level 3. HP: 24/30 MP: 5/5
   994 | D:2      | Noticed Robin
  1070 | D:1      | Killed Robin
  1430 | D:2      | Found a shimmering altar of Xom.
  1485 | D:2      | Reached XP level 4. HP: 25/37 MP: 6/6
  1885 | D:2      | Noticed Sigmund
  1897 | D:3      | Reached skill level 3 in Polearms
  1992 | D:3      | Noticed a bullfrog
  2007 | D:3      | Killed a bullfrog
  2007 | D:3      | Reached XP level 5. HP: 32/45 MP: 7/7
  2360 | D:3      | Reached skill level 4 in Polearms
  2953 | D:4      | Noticed an ogre
  3230 | D:4      | Killed an ogre
  3230 | D:4      | Reached XP level 6. HP: 31/52 MP: 8/8
  3330 | D:4      | Reached skill level 5 in Polearms
  3601 | D:4      | Found Reigairo's Gadget Emporium.
  3607 | D:4      | Bought a wand of paralysis (8/24) for 130 gold pieces
  3922 | D:5      | Entered Level 5 of the Dungeon
  4265 | D:5      | Found a staircase to the Ecumenical Temple.
  4504 | D:5      | Reached skill level 1 in Evocations
  4504 | D:5      | Reached XP level 7. HP: 19/59 MP: 8/10
  5084 | D:5      | Reached skill level 6 in Polearms
  5212 | D:5      | Found an opulent altar of Gozag.
  5491 | D:6      | Learned a level 2 spell: Poisonous Vapours
  6373 | D:6      | Mangled by an orc warrior

Vault maps used:
D:1:      scummos_arrival_simple_crosswalls
D:2:      lemuel_coloured_pillars_altar, uniq_robin, uniq_sigmund
D:3:      first_bread
D:4:      serial_shops, shop_fountains, grunt_ministairs_9
D:5:      lemuel_doored_altar, minmay_temple_entry_mist, due_unseen_surprise
D:6:      minmay_ruined_shrine

Skill      XL: |  1  2  3  4  5  6  7 |
---------------+----------------------+-----
Fighting       | 2 3 4 |  4.0
Polearms       | 1 2 3 4 5 6 |  6.6
Armour         | 2 3 |  3.4
Evocations     | 1 2 |  2.3
Maces & Flails | |  1.0
Staves         | |  1.7
Throwing       | |  1.0
Stealth        | |  1.0
Shields        | |  1.0

Action                   |  1- 3 |  4- 6 |  7- 9 || total
-------------------------+-------+-------+-------++-------
Melee: Spear             |   164 |   269 |   172 ||   605
Throw: Tomahawk          |     6 |       |     5 ||    11
Evoke: Wand              |       |     2 |     3 ||     5
  Use: Scroll            |     3 |     5 |     1 ||     9
       Potion            |       |     1 |     2 ||     3
 Stab: Paralysed         |       |    12 |     6 ||    18
  Eat: Chunk             |     2 |     9 |     6 ||    17
       Fruit             |       |       |     1 ||     1
Armor: Scale mail        |    79 |    99 |    42 ||   220
       Skin              |       |       |    18 ||    18
Dodge: Dodged            |    72 |    68 |    50 ||   190

Table legend:
 A = Spawn XP
 B = Non-spawn XP
 C = Spawn XP percentage of total XP
 D = Spawn monster count
 E = Non-spawn monster count
 F = Spawn count percentage of total count
 G = Total turns spent on level
                    A         B        C        D         E        F      G
               +---------+---------+-------+---------+---------+-------+---------
         Total |       0 |    1546 |   0.0 |       0 |     105 |   0.0 |  6373
               +---------+---------+-------+---------+---------+-------+---------
           D:1 |       0 |      65 |   0.0 |       0 |      23 |   0.0 |   892
           D:2 |       0 |      65 |   0.0 |       0 |      25 |   0.0 |  1084
           D:3 |       0 |     245 |   0.0 |       0 |      22 |   0.0 |   995
           D:4 |       0 |     233 |   0.0 |       0 |       7 |   0.0 |   951
           D:5 |       0 |     627 |   0.0 |       0 |      16 |   0.0 |  1982
           D:6 |       0 |     311 |   0.0 |       0 |      12 |   0.0 |   469
               +---------+---------+-------+---------+---------+-------+---------
